 Crawl Stoat Soup version 0.23-s2-327-gedf346cc44 (webtiles) character file.

1 CanOfBees the Charmwright (level 1, 0/14 HPs)
             Began as a High Elf Skald on Feb 8, 2024.
             Slain by a hobgoblin
             ... wielding a +0 club
              (7 damage)
             ... on level 1 of the Dungeon.
             The game lasted 00:00:48 (16 turns).

CanOfBees the Charmwright (High Elf Skald)            Turns: 16, Time: 00:00:49

Health: 0/14       AC:  3    Str: 10    XL:     1   Next: 16%
Magic:  0/3 (4)    EV: 12    Int: 16    God:
Gold:   0          SH:  0    Dex: 14    Spells: 3/4 levels left

rFire    . . .     SeeInvis .   a - +0 falchion
rCold    . . .     Gourm    .   (no shield)
rNeg     . . .     Faith    .   b - +0 leather armour
rPois    .         Spirit   .   (no helmet)
rElec    .         Warding  .   (no cloak)
rCorr    .         Reflect  .   (no gloves)
MR       .....     Harm     .   (no boots)
Stlth    +.........             (no amulet)
HPRegen  0.04/turn              (no ring)
MPRegen  0.09/turn              (no ring)

@: infusing, 1 MP reserved for charms
A: no striking features
a: End Permanent Enchantments


You were on level 1 of the Dungeon.
You were not hungry.

You visited 1 branch of the dungeon, and saw 1 of its levels.

Inventory:

Hand Weapons
 a - a +0 falchion (weapon)
Armour
 b - a +0 leather armour (worn)
Comestibles
 d - a bread ration


   Skills:
 + Level 2.0 Fighting
 + Level 2.4 Long Blades
 + Level 0.8 Armour
 + Level 2.1 Dodging
 + Level 2.4 Spellcasting
 + Level 3.7 Charms


You had 3 spell levels left.
You knew the following spells:

 Your Spells              Type           Power        Failure   Level  Hunger
a - Infusion              Chrm           14/25        6%          1    #......

Your spell library contained the following spells:

 Spells                   Type           Power        Failure   Level  Hunger
 Song of Slaying          Chrm           14/100       9%          2    ###....
 Shroud of Golubria       Chrm/Tloc      7/50         19%         2    ###....
 Spectral Weapon          Hex/Chrm       7/100        36%         3    ###....
 Regeneration             Chrm/Necr      7/200        77%         4    #####..


Dungeon Overview and Level Annotations

Branches:
Dungeon (1/15)

Altars:


Message History

Artagas's ghost hits the jackal!
The jackal dies!
Artagas's ghost fades from view, its vengeance complete.
You see here a jackal corpse.
You closely miss the hobgoblin. The hobgoblin hits you with a club.
The goblin hits the plant.
You hit the hobgoblin.
The hobgoblin is heavily wounded.
You closely miss the goblin. The hobgoblin hits you with a club.
The goblin hits you but does no damage.
You hit the goblin.
The goblin is severely wounded.
The hobgoblin hits you with a club. The goblin hits you but does no damage.
You barely miss the goblin.
The goblin is severely wounded.
The goblin misses you.
You riposte.
You closely miss the goblin.
The goblin is severely wounded.
The hobgoblin hits you with a club!
Ouch! That really hurt!
You die...

. #. .#
..##.#####.#######
...............# #
#P.....P#≈#P..##
##≈##P...P##≈##P..#
≈≈≈≈≈..<..≈≈≈≈≈...#
##≈##P...P##≈##P..#####
#P...).P#≈#Pg.......
$..........!..g@.#
#####.##.....#####
......^..## #######..##
#... .....# ###...#
...g.


You could see a hobgoblin and a goblin.

Vanquished Creatures
  A jackal (D:1)
1 creature vanquished.

Vanquished Creatures (others)
  A jackal (D:1)
1 creature vanquished.

Grand Total: 2 creatures vanquished

Notes
Turn   | Place    | Note
-------+----------+-------------------------------------------
     0 | D:1      | CanOfBees the High Elf Skald began the quest for the Orb.
     0 | D:1      | Reached XP level 1. HP: 14/14 MP: 4/4
     6 | D:1      | Noticed Artagas's ghost (weakling HEAM)
     9 | D:1      | Witnessed revenge of Artagas's ghost on a jackal.
    16 | D:1      | Slain by a hobgoblin

Vault maps used:
D:1:      eino_arrival_water_cross

Action                   || total
-------------------------++-------
Melee: Falchion          ||     7
 Cast: * Infusion        ||     3
Armor: Leather armour    ||     5
Dodge: Dodged            ||     2
       Rpst.: Falchion   ||     1
* Casting counts for permanent charms are approximate representations of how often the player would have had to cast a non-permanent spell for the same benefits.

Table legend:
 A = Spawn XP
 B = Non-spawn XP
 C = Spawn XP percentage of total XP
 D = Spawn monster count
 E = Non-spawn monster count
 F = Spawn count percentage of total count
 G = Total turns spent on level
                    A         B        C        D         E        F      G
               +---------+---------+-------+---------+---------+-------+---------
         Total |       0 |       2 |   0.0 |       0 |       1 |   0.0 |    16
               +---------+---------+-------+---------+---------+-------+---------
           D:1 |       0 |       2 |   0.0 |       0 |       1 |   0.0 |    16
               +---------+---------+-------+---------+---------+-------+---------
